 Dungeon Crawl Stone Soup version 0.21.1-1-g345015f (webtiles) character file.

995 Kuinu the Slasher (level 7, -2/63 HPs)
             Began as a Minotaur Fighter on July 18, 2018.
             Was a Follower of the Shining One.
             Killed from afar by an orc wizard (7 damage)
             ... with a magic dart
             ... on level 5 of the Dungeon.
             The game lasted 00:13:52 (2940 turns).

Kuinu the Slasher (Minotaur Fighter)                Turns: 2940, Time: 00:14:02

Health: -2/63      AC:  2    Str: 23    XL:     7   Next: 99%
Magic:  6/6        EV:  9    Int:  5    God:    the Shining One [*.....]
Gold:   295        SH: 15    Dex:  9    Spells: 6/6 levels left

rFire    . . .     SeeInvis .   a - +0 long sword
rCold    . . .     Gourm    .   c - +0 shield
rNeg     . . .     Faith    .   (no armour)
rPois    .         Spirit   .   (helmet restricted)
rElec    .         Reflect  +   o - +0 cloak
rCorr    .         Harm     .   (no gloves)
MR       .....                  n - +0 pair of boots
Stlth    +.........             s - +5 amulet of reflection
HPRegen  0.20/turn              q - ring of flight
MPRegen  0.10/turn              (no ring)

@: slowed, glowing, very slow
A: retaliatory headbutt, horns 2
a: Renounce Religion, Evoke Flight


You were on level 5 of the Dungeon.
You worshipped the Shining One.
The Shining One was aware of your devotion.
You were hungry.

You visited 1 branch of the dungeon, and saw 5 of its levels.

You collected 295 gold pieces.

Inventory:

Hand Weapons
 a - a +0 long sword (weapon)
 g - a +2 short sword of electrocution
Armour
 b - a +0 scale mail
 c - a +0 shield (worn)
 n - a +0 pair of boots (worn)
 o - a +0 cloak (worn)
 y - a +0 chain mail
Jewellery
 q - a ring of flight (left hand)
 s - a +5 amulet of reflection (around neck)
 v - a +3 amulet of reflection
 w - an uncursed ring of flight
 x - an uncursed ring of resist corrosion {unknown}
Scrolls
 e - 2 scrolls of enchant armour {unknown}
 h - 2 scrolls of teleportation {unknown}
 i - a scroll of fog {unknown}
 j - a scroll of magic mapping {unknown}
 k - a scroll of blinking {unknown}
 l - 3 scrolls of remove curse {unknown}
 m - 3 scrolls of fear {unknown}
 t - 2 scrolls of identify
 z - a scroll of enchant weapon {unknown}
Potions
 d - 2 potions of might
 p - a potion of agility {unknown}
 r - a potion of brilliance {unknown}
 u - a potion of haste {unknown}
Comestibles
 f - 3 rations


   Skills:
 + Level 6.0 Fighting
 * Level 7.1 Long Blades
 + Level 6.4 Armour
 + Level 6.1 Shields


You had 6 spell levels left.
You didn't know any spells.

Dungeon Overview and Level Annotations

Branches:
Dungeon (5/15)
 Temple: D:4-7

Altars:
Makhleb
The Shining One


Innate Abilities, Weirdness & Mutations

You reflexively headbutt those who attack you in melee.
You have a pair of horns on your head.


Message History

* * * LOW HITPOINT WARNING * * *
You block the iguana's attack.
You are too injured to fight recklessly!
You hit the iguana.
You kill the iguana!
Your Fighting skill increases to level 6!
You slash the orc!
You kill the orc!
You block the orc wizard's attack. You block the orc's attack.
You barely miss the orc wizard. The orc wizard hits you with a dagger.
* * * LOW HITPOINT WARNING * * *
You block the orc's attack.
You are feeling hungry.
You block the orc wizard's attack.
The orc wizard gestures at you while chanting.
The magic dart hits you!
* * * LOW HITPOINT WARNING * * *
The orc wizard gestures at you while chanting.
The magic dart hits you!
You die...

##..####....)..# #...####.(.....#
#..##..##......#
##..##..##(.....# .
#..##....##..##.# ..
#..##....##..##.# ... ##
#..#......#...#.### ... ..
#..#..#...#.#.#....
...#####'######o@..##.....#.#....
#...†.......oo######.####.#....
#...........### #(.....#.###
##...........# ######...#
.#....####....# ##..### .....)#
###### #...... .#[...# #......
#.....# #...... ....... #......


You could see 2 orc wizards and an orc.

Vanquished Creatures
  The ghost of Ethylacetat the Firebug, an amateur NaFE (D:3)
  A phantom (D:4)
  An ogre (D:4)
  A scorpion (D:4)
  2 crimson imps (D:5)
  A hound (D:3)
  2 orc priests (D:4)
  An orc wizard (D:5)
  4 iguanas
  2 worker ants (D:5)
  4 adders
  3 gnolls (D:4)
  An ooze (D:1)
  2 worms (D:3)
  2 dart slugs (D:1)
  3 leopard geckos
  18 orcs
  A giant cockroach (D:5)
  6 goblins
  8 hobgoblins
  A quokka (D:2)
  7 bats
  7 frilled lizards
  4 kobolds
  7 rats
90 creatures vanquished.

Vanquished Creatures (others)
  A centaur (D:5)
1 creature vanquished.

Grand Total: 91 creatures vanquished

Notes
Turn   | Place    | Note
-------+----------+-------------------------------------------
     0 | D:1      | Kuinu the Minotaur Fighter began the quest for the Orb.
     0 | D:1      | Reached XP level 1. HP: 19/19 MP: 0/0
   207 | D:1      | Reached XP level 2. HP: 27/27 MP: 1/1
   346 | D:1      | Found a glowing golden altar of the Shining One.
   360 | D:1      | Became a worshipper of the Shining One
   660 | D:2      | Reached XP level 3. HP: 29/33 MP: 2/2
   674 | D:2      | Found a faded altar of an unknown god.
   776 | D:2      | Reached skill level 3 in Long Blades
  1093 | D:2      | Reached XP level 4. HP: 37/40 MP: 3/3
  1184 | D:3      | Noticed Ethylacetat's ghost (amateur NaFE)
  1242 | D:3      | Killed Ethylacetat's ghost
  1242 | D:3      | Reached skill level 5 in Long Blades
  1242 | D:3      | Reached skill level 5 in Armour
  1242 | D:3      | Reached skill level 5 in Shields
  1242 | D:3      | Reached XP level 5. HP: 27/47 MP: 4/4
  1242 | D:3      | Reached XP level 6. HP: 32/55 MP: 5/5
  1596 | D:3      | Found a burning altar of Makhleb.
  1971 | D:4      | Reached skill level 5 in Fighting
  2157 | D:4      | Reached * piety under the Shining One
  2157 | D:4      | Reached XP level 7. HP: 51/61 MP: 6/6
  2187 | D:4      | Reached skill level 6 in Long Blades
  2662 | D:5      | Entered Level 5 of the Dungeon
  2868 | D:5      | Reached skill level 7 in Long Blades
  2940 | D:5      | Killed from afar by an orc wizard

Skill      XL: |  1  2  3  4  5  6  7 |
---------------+----------------------+-----
Armour         | 4 5 6 |  6.4
Shields        | 4 5 6 |  6.1
Fighting       | 4 5 6 |  6.0
Long Blades    | 3 5 7 |  7.1

Action                   |  1- 3 |  4- 6 |  7- 9 || total
-------------------------+-------+-------+-------++-------
Melee: Long sword        |    81 |    82 |    73 ||   236
       Headbutt          |    12 |    12 |    15 ||    39
  Use: Potion            |       |     2 |       ||     2
       Scroll            |       |     1 |       ||     1
  Eat: Ration            |     1 |       |       ||     1
       Chunk             |       |     1 |     2 ||     3
Armor: Scale mail        |    44 |    59 |    14 ||   117
       Skin              |       |       |     2 ||     2
Dodge: Dodged            |    32 |    26 |    16 ||    74
Block: Shield            |    45 |    51 |    68 ||   164
       Reflection        |       |       |     4 ||     4
       Rpst.: Long sword |     8 |     8 |     3 ||    19
